[Event "Titled Tuesday Blitz August 08 Early 2023"]
[White "Zarnicki, Pablo"]
[Black "Srihari L R"]
[WhiteFideId "100137"]
[BlackFideId "46617116"]
[WhiteElo "2617"]
[BlackElo "2753"]
[Result "0-1"]
[Round "7"]
[TimeControl "180+1"]
[Date "2023.08.08"]
[WhiteClock "0:00:00"]
[BlackClock "0:00:10"]
[Board "95"]

1. e4 c5 2. Nf3 d6 3. Bb5+ Bd7 4. Bxd7+ Qxd7 5. c4 Nc6 6. Nc3 Nf6 7. O-O g6 8. d4 cxd4 9. Nxd4 Nxd4 10. Qxd4 Bg7 11. Bg5 O-O 12. Qd2 Qc6 13. Qd3 h6 14. Bxf6 Bxf6 15. Nd5 Kg7 16. Nxf6 Kxf6 17. Qc3+ e5 18. f4 Kg7 19. fxe5 Qc5+ 20. Kh1 dxe5 21. Rad1 Rac8 22. b3 Qe7 23. Rd5 f6 24. h3 Rc7 25. Rfd1 h5 26. a4 b6 27. Qd3 Rf7 28. Rd8 f5 29. exf5 Rxf5 30. Kh2 e4 31. Qc3+ Qe5+ 32. Qxe5+ Rxe5 33. Kg3 e3 34. Kf4 Re6 35. Re1 e2 36. Rd2 Rf7+ 37. Kg3 Re3+ 38. Kh2 Rxb3 39. Rexe2 Rb4 40. Re6 Rxa4 41. Rdd6 Rxc4 42. Rxg6+ Kf8 43. Rh6 Rc5 44. Rd8+ Ke7 45. Ra8 Rc7 46. Rxh5 Rb7 47. Re5+ Kd6 48. Re1 b5 49. Rd8+ Kc7 50. Rd5 a5 51. Ree5 b4 52. Rc5+ Kd6 53. Red5+ Ke6 54. Re5+ Kf6 55. Rf5+ Kg7 56. Rg5+ Kh7 57. Rxa5 b3 58. Ra1 b2 59. Rb1 Rfc7 60. Rh5+ Kg6 61. Ra5 Rc1 62. Ra6+ Kg7 63. Rxb2 Rxb2 64. Ra3 Rcc2 65. Rg3+ Kh6 66. h4 Kh5 67. Kh3 Rc5 68. Re3 Rb4 69. Rf3 Rxh4+ 70. Kg3 Rg5+ 71. Kf2 Rh2 72. Rh3+ Rxh3 0-1


[Site "https://www.chess.com"]

[Event "Titled Tuesday Blitz August 08 Early 2023"]
[White "Atakhan, Abtin"]
[Black "Jahnz, Fabian"]
[WhiteFideId "22502203"]
[BlackFideId "4653300"]
[WhiteElo "2794"]
[BlackElo "2333"]
[Result "1-0"]
[Round "7"]
[TimeControl "180+1"]
[Date "2023.08.08"]
[WhiteClock "0:01:40"]
[BlackClock "0:00:16"]
[Board "96"]

1. Nf3 d5 2. g3 c5 3. Bg2 Nc6 4. d4 Nf6 5. O-O Bf5 6. c4 e6 7. cxd5 exd5 8. Nc3 Be7 9. dxc5 Bxc5 10. Bg5 Be6 11. Bxf6 gxf6 12. Nh4 O-O 13. Bxd5 Bxd5 14. Nxd5 Nd4 15. e4 Kh8 16. Qh5 Ne6 17. Nf5 Ng5 18. Qh6 Rg8 19. Qxf6+ Qxf6 20. Nxf6 Rg6 21. Nd5 Nxe4 22. Kg2 Rd8 23. Rad1 Rg5 24. Nc3 Rxd1 25. Rxd1 Nxc3 26. Rd8+ Rg8 27. Rxg8+ Kxg8 28. bxc3 f6 29. f4 Kf7 30. Kf3 Ba3 31. Ke4 Bb2 32. c4 Ke6 33. g4 a6 34. h4 b5 35. cxb5 axb5 36. Nd4+ Bxd4 37. Kxd4 Kd6 38. f5 Kc6 39. g5 fxg5 40. hxg5 Kd6 41. f6 Ke6 42. Kc5 1-0


[Site "https://www.chess.com"]

[Event "Titled Tuesday Blitz August 08 Early 2023"]
[White "Womacka, Mathias"]
[Black "Mekhitarian, Krikor Sevag"]
[WhiteFideId "4611390"]
[BlackFideId "2107660"]
[WhiteElo "2512"]
[BlackElo "2733"]
[Result "0-1"]
[Round "7"]
[TimeControl "180+1"]
[Date "2023.08.08"]
[WhiteClock "0:00:12"]
[BlackClock "0:00:09"]
[Board "97"]

1. e4 e6 2. d4 d5 3. Nd2 c5 4. exd5 Qxd5 5. Ngf3 cxd4 6. Bc4 Qd7 7. O-O Nc6 8. Nb3 a6 9. Nbxd4 Nxd4 10. Nxd4 Qc7 11. Bb3 Bd6 12. h3 Ne7 13. Qh5 O-O 14. Be3 e5 15. Nf3 Bf5 16. Rad1 Bg6 17. Qg4 Nf5 18. Bc1 e4 19. Ng5 e3 20. Bxe3 Nxe3 21. fxe3 Bc5 22. Rd7 Qb6 23. Nxf7 Bxe3+ 24. Kh1 Bc5 25. Rf3 Qa5 26. c3 Qb6 27. Ne5+ Kh8 28. Nxg6+ Qxg6 29. Qxg6 hxg6 30. Rxb7 Rxf3 31. gxf3 Re8 32. Rc7 Bd6 33. Rc6 Bf4 34. Rxa6 g5 35. Bc4 Re1+ 36. Kg2 Rc1 37. Rb6 Rc2+ 38. Kf1 g6 39. Bd3 Rd2 40. Bxg6 Be3 41. Be4 Bxb6 42. b4 Rxa2 43. c4 Bd4 44. c5 Rb2 45. c6 Rxb4 46. c7 Rc4 47. Ke2 Rxc7 48. Kd3 Be5 49. Bf5 Re7 50. Bg4 Bf4 51. Kd4 Kg7 52. Kd5 Kf6 53. Kd4 Re5 54. Kd3 Ra5 55. Kd4 Rb5 56. Kd3 Ke5 57. Kc4 Rb8 58. Kd3 Rd8+ 59. Kc3 Rd4 60. Kb3 Kd5 61. Kc3 Kc5 62. Bf5 Be5 63. Kc2 Kb4 64. Be4 Bf4 65. Bf5 Rd2+ 66. Kb1 Kc3 67. Be6 Rb2+ 68. Ka1 Be5 69. Bf5 Kb4 70. Bg4 Ka3 71. Bf5 Rb4# 0-1


[Site "https://www.chess.com"]

[Event "Titled Tuesday Blitz August 08 Early 2023"]
[White "Hirneise, Jens"]
[Black "Djordjevic, Vuk"]
[WhiteFideId "24614734"]
[BlackFideId "902098"]
[WhiteElo "2511"]
[BlackElo "2703"]
[Result "0-1"]
[Round "7"]
[TimeControl "180+1"]
[Date "2023.08.08"]
[WhiteClock "0:00:00"]
[BlackClock "0:00:02"]
[Board "98"]

1. Nf3 e6 2. d4 Nf6 3. c4 b6 4. g3 Ba6 5. Nbd2 Bb4 6. Qc2 Bb7 7. Bg2 Be4 8. Qb3 Bxd2+ 9. Bxd2 O-O 10. O-O d6 11. Ne1 Bxg2 12. Nxg2 Nbd7 13. Rad1 a5 14. Qc2 Qb8 15. f3 d5 16. Bf4 dxc4 17. Qxc4 Nd5 18. e4 Nxf4 19. Nxf4 c5 20. d5 b5 21. Qe2 e5 22. Ng2 c4 23. Ne3 Qb6 24. Kh1 g6 25. f4 exf4 26. gxf4 Rfe8 27. e5 Nxe5 28. fxe5 Rxe5 29. Nxc4 Rxe2 30. Nxb6 Rd8 31. d6 Re6 32. Nd5 Rexd6 33. Ne3 Rd2 34. b3 f5 35. a4 bxa4 36. bxa4 R8d4 37. Rxd2 Rxd2 38. Ra1 Rd4 39. Kg2 f4 40. Nf1 g5 41. Kf3 h5 42. h3 Kg7 43. Ke2 g4 44. hxg4 hxg4 45. Ra3 Re4+ 46. Kf2 Rb4 47. Nd2 Rb2 48. Ke2 Kg6 49. Ra1 Kf5 50. Kd3 Rb4 51. Nc4 g3 52. Nxa5 g2 53. Nc4 f3 54. Ke3 Kg4 55. Nd2 Kg3 56. Nxf3 Rb3+ 57. Ke2 Rxf3 58. a5 Rf2+ 59. Ke3 Rf1 60. Ra2 g1=Q+ 0-1


[Site "https://www.chess.com"]

[Event "Titled Tuesday Blitz August 08 Early 2023"]
[White "Jaferian, Koosha"]
[Black "Perske, Thore"]
[WhiteFideId "12507440"]
[BlackFideId "12902195"]
[WhiteElo "2698"]
[BlackElo "2510"]
[Result "1-0"]
[Round "7"]
[TimeControl "180+1"]
[Date "2023.08.08"]
[WhiteClock "0:00:53"]
[BlackClock "0:00:15"]
[Board "99"]

1. e4 e6 2. d4 d5 3. Bd3 dxe4 4. Bxe4 Nf6 5. Bf3 c5 6. Ne2 Be7 7. Be3 O-O 8. O-O cxd4 9. Qxd4 Nc6 10. Qa4 Ne5 11. Nd2 Bd7 12. Qb3 Nxf3+ 13. Nxf3 Bc6 14. Ned4 Be4 15. Rad1 Qa5 16. Rfe1 Rac8 17. c3 Bd5 18. Qc2 Be4 19. Qb3 a6 20. Nxe6 Bd5 21. Rxd5 Qxd5 22. Qxd5 Nxd5 23. Nxf8 Nxe3 24. Nxh7 Nd5 25. Nhg5 Bf6 26. Ne4 Be7 27. g3 Nb6 28. Ned2 Bf6 29. Kg2 Na4 30. Ne4 Nxb2 31. Nxf6+ gxf6 32. Rb1 Na4 33. Rxb7 Nxc3 34. a3 Nb5 35. Rb6 Nxa3 36. Rxa6 Nb5 37. Rxf6 Nc7 38. Ne5 Rf8 39. h4 Nd5 40. Rd6 Ne7 41. h5 Nf5 42. Rf6 Nd4 43. f4 Ne6 44. Nxf7 Nxf4+ 45. Rxf4 Rxf7 46. Rxf7 Kxf7 47. g4 1-0


[Site "https://www.chess.com"]

[Event "Titled Tuesday Blitz August 08 Early 2023"]
[White "KarolKacprzak"]
[Black "Willy, Stephen"]
[BlackFideId "30981468"]
[WhiteElo "2674"]
[BlackElo "2507"]
[Result "1-0"]
[Round "7"]
[TimeControl "180+1"]
[Date "2023.08.08"]
[WhiteClock "0:01:15"]
[BlackClock "0:00:32"]
[Board "100"]

1. d4 d5 2. c4 e6 3. Nf3 Nf6 4. Nc3 Be7 5. Bg5 O-O 6. e3 b6 7. Qc2 h6 8. h4 Bb7 9. Bxf6 Bxf6 10. cxd5 exd5 11. Bd3 c5 12. O-O-O Nc6 13. a3 c4 14. Bf5 a6 15. g4 g6 16. g5 Bg7 17. gxh6 Bxh6 18. Bg4 f5 19. h5 fxg4 20. Qxg6+ Bg7 21. h6 Qf6 22. Qxg4 Bc8 23. Qg2 Ra7 24. Ne5 Nxe5 25. dxe5 Qxf2 26. Qxd5+ Rff7 27. hxg7 Bf5 28. Qd8+ Kxg7 29. Qh8+ Kg6 30. Qh6# 1-0


[Site "https://www.chess.com"]

[Event "Titled Tuesday Blitz August 08 Early 2023"]
[White "Brunner, Nicolas"]
[Black "Agibileg, Uurtsaikh"]
[WhiteFideId "620246"]
[BlackFideId "4901606"]
[WhiteElo "2498"]
[BlackElo "2672"]
[Result "1-0"]
[Round "7"]
[TimeControl "180+1"]
[Date "2023.08.08"]
[WhiteClock "0:01:19"]
[BlackClock "0:01:12"]
[Board "101"]

1. Nf3 g6 2. g3 Bg7 3. Bg2 Nf6 4. O-O O-O 5. d4 d6 6. b3 c5 7. Bb2 Nc6 8. d5 Na5 9. c4 b5 10. cxb5 a6 11. bxa6 Bxa6 12. Re1 Qb6 13. e4 Rfb8 14. Nbd2 e6 15. dxe6 fxe6 16. e5 Nd5 17. Ne4 dxe5 18. Bxe5 c4 19. Bxg7 Kxg7 20. bxc4 Nxc4 21. Qd4+ Qxd4 22. Nxd4 Bc8 23. Nc5 Ra5 24. Ncxe6+ Bxe6 25. Nxe6+ Kf6 26. Nd4 Rb6 27. a4 Nb4 28. Reb1 Nd2 29. Rb2 Nc4 30. Rb3 Nd2 31. Rc3 Na2 32. Rc2 1-0


[Site "https://www.chess.com"]

[Event "Titled Tuesday Blitz August 08 Early 2023"]
[White "Liu, Casper"]
[Black "Godzwon, Iwo"]
[WhiteFideId "1454153"]
[BlackFideId "21802483"]
[WhiteElo "2493"]
[BlackElo "2670"]
[Result "1-0"]
[Round "7"]
[TimeControl "180+1"]
[Date "2023.08.08"]
[WhiteClock "0:01:14"]
[BlackClock "0:00:59"]
[Board "102"]

1. e4 c5 2. d4 cxd4 3. Qxd4 Nc6 4. Qe3 Nf6 5. Nc3 e6 6. Bd2 d5 7. exd5 Nxd5 8. Nxd5 Qxd5 9. Qb3 Qe5+ 10. Be3 Bc5 11. Nf3 Qh5 12. O-O-O O-O 13. g4 Bxe3+ 14. Qxe3 Qxg4 15. Rg1 Qf5 16. Bd3 Qf6 17. Ng5 g6 18. Qh3 Qg7 19. Qh4 Ne5 20. Rg3 Bd7 21. Rh3 h5 22. Ne4 Rfd8 23. Nf6+ Kf8 24. Qb4# 1-0


[Site "https://www.chess.com"]

[Event "Titled Tuesday Blitz August 08 Early 2023"]
[White "Hua, Lefong"]
[Black "Ocido, Michael"]
[WhiteFideId "2602253"]
[BlackFideId "115201920"]
[WhiteElo "2652"]
[BlackElo "2490"]
[Result "0-1"]
[Round "7"]
[TimeControl "180+1"]
[Date "2023.08.08"]
[WhiteClock "0:00:34"]
[BlackClock "0:00:20"]
[Board "103"]

1. d4 d5 2. c4 e6 3. Nc3 Nf6 4. cxd5 exd5 5. Bg5 c6 6. e3 Be7 7. Bd3 Nbd7 8. Qc2 Nh5 9. Bxe7 Qxe7 10. Nge2 g6 11. O-O O-O 12. Rae1 Ndf6 13. Nc1 Re8 14. f3 Ng7 15. e4 Qb4 16. N1e2 Ne6 17. Qb3 a5 18. e5 Nh5 19. Kh1 Nhf4 20. Nxf4 Nxf4 21. Bb1 Qxd4 22. g3 Nd3 23. Nxd5 Nf2+ 24. Kg2 Bh3+ 25. Kg1 Ng4+ 26. Kh1 Nf2+ 27. Kg1 Bxf1 28. Nf6+ Kg7 29. Nxe8+ Rxe8 30. Kxf1 Nh3 31. Qc2 Qg1+ 32. Ke2 Rxe5+ 33. Kd3 Qxe1 0-1


[Site "https://www.chess.com"]

[Event "Titled Tuesday Blitz August 08 Early 2023"]
[White "kuanysh1981"]
[Black "Dehtiarov, Roman"]
[BlackFideId "14186640"]
[WhiteElo "2489"]
[BlackElo "2651"]
[Result "0-1"]
[Round "7"]
[TimeControl "180+1"]
[Date "2023.08.08"]
[WhiteClock "0:01:55"]
[BlackClock "0:00:53"]
[Board "104"]

1. e4 e5 2. Nf3 Nc6 3. Bc4 Bc5 4. O-O Nf6 5. d4 Bxd4 6. Nxd4 Nxd4 7. Bg5 h6 8. Bh4 g5 9. f4 Nxe4 10. fxe5 Ne6 11. Qh5 Qe7 12. Bg3 Qc5+ 13. Kh1 Qxc4 14. Qxf7+ Kd8 15. Nd2 Qb4 16. Qf6+ Nxf6 17. c3 Qc5 18. exf6 Rf8 19. Rad1 d6 20. Ne4 Qc6 21. Nxd6 cxd6 22. Rxd6+ Qxd6 23. Bxd6 Rf7 24. Be7+ Rxe7 25. fxe7+ Kxe7 0-1


[Site "https://www.chess.com"]

[Event "Titled Tuesday Blitz August 08 Early 2023"]
[White "Golubev, Mikhail"]
[Black "Maus7"]
[WhiteFideId "14100983"]
[WhiteElo "2649"]
[BlackElo "2489"]
[Result "0-1"]
[Round "7"]
[TimeControl "180+1"]
[Date "2023.08.08"]
[WhiteClock "0:00:00"]
[BlackClock "0:00:12"]
[Board "105"]

1. e4 e5 2. Nf3 Nc6 3. Bc4 Bc5 4. c3 Nf6 5. d4 exd4 6. cxd4 Bb4+ 7. Nbd2 Nxe4 8. d5 Nxd2 9. Bxd2 Bxd2+ 10. Qxd2 Ne7 11. h4 d6 12. h5 h6 13. O-O-O O-O 14. Rdg1 Bg4 15. Nh4 b5 16. Bb3 c5 17. dxc6 Nxc6 18. f3 Be6 19. Bxe6 fxe6 20. Ng6 Rf5 21. g4 Rxf3 22. g5 hxg5 23. Rxg5 Rc8 24. Rhg1 Qf6 25. Kb1 Rf1+ 26. Rxf1 Qxf1+ 27. Qc1 Qxc1+ 28. Kxc1 Ne5+ 29. Kd2 Nf3+ 0-1


[Site "https://www.chess.com"]

[Event "Titled Tuesday Blitz August 08 Early 2023"]
[White "Vovk, Orest"]
[Black "Piesik, Piotr"]
[WhiteFideId "14113490"]
[BlackFideId "1136194"]
[WhiteElo "2488"]
[BlackElo "2644"]
[Result "0-1"]
[Round "7"]
[TimeControl "180+1"]
[Date "2023.08.08"]
[WhiteClock "0:00:20"]
[BlackClock "0:00:24"]
[Board "106"]

1. h4 d5 2. h5 h6 3. e4 dxe4 4. Nc3 Nf6 5. Qe2 Nc6 6. Nxe4 e5 7. Rh4 Bf5 8. Nxf6+ Qxf6 9. Ra4 Bxc2 10. Rc4 Bf5 11. d4 O-O-O 12. g4 Nxd4 13. Rxd4 Rxd4 14. f3 Bb4+ 15. Kf2 Bd3 16. Qxd3 Rxd3 17. Bxd3 Rd8 18. Bf5+ Kb8 19. Be3 Bd2 20. Bxd2 Rxd2+ 21. Kg3 e4 22. Re1 Qd6+ 23. Kh4 Rh2+ 24. Nh3 Rg2 25. f4 Qd3 26. Rxe4 Qg3# 0-1


[Site "https://www.chess.com"]

[Event "Titled Tuesday Blitz August 08 Early 2023"]
[White "Kuznetsov, Mikhail"]
[Black "Jeet, Jain"]
[WhiteFideId "4117190"]
[BlackFideId "5073022"]
[WhiteElo "2487"]
[BlackElo "2630"]
[Result "0-1"]
[Round "7"]
[TimeControl "180+1"]
[Date "2023.08.08"]
[WhiteClock "0:00:01"]
[BlackClock "0:00:18"]
[Board "107"]

1. Nf3 c5 2. g3 Nc6 3. d4 cxd4 4. Nxd4 g6 5. Bg2 Bg7 6. Nb3 Nf6 7. O-O d5 8. c4 dxc4 9. Bxc6+ bxc6 10. Qxd8+ Kxd8 11. Na5 Bd7 12. Nxc4 Nd5 13. Nbd2 Nb6 14. Na5 Kc7 15. Ndb3 Rhd8 16. Bf4+ e5 17. Be3 Nd5 18. Nc4 Nxe3 19. Nxe3 Be6 20. Nc5 Rd2 21. Nxe6+ fxe6 22. Nc4 Rxe2 23. Rfe1 Rxe1+ 24. Rxe1 Rb8 25. b3 Rb5 26. f3 Rd5 27. Kf2 Kd7 28. h4 h5 29. Re2 Ke7 30. Rd2 Kf6 31. Re2 Bf8 32. Ke1 Bb4+ 33. Kf1 Rd1+ 34. Kg2 Bc3 35. Ne3 Ra1 36. g4 Bd4 37. Nc4 hxg4 38. fxg4 Rg1+ 39. Kf3 Rh1 40. Kg2 Rxh4 41. Kg3 Rh1 42. Nd6 Rg1+ 43. Kf3 Rf1+ 44. Kg2 Rb1 45. Ne4+ Ke7 46. Kf3 a5 47. Kg2 c5 48. Rc2 Rg1+ 49. Kh3 Ra1 50. Kg3 Kd7 51. Nf6+ Kc6 52. Ne4 Re1 53. Ng5 Kd5 54. Nf3 Re3 55. Kg2 e4 56. Nd2 Re2+ 57. Kf1 Rf2+ 58. Ke1 e3 59. Nc4 Rxc2 60. Nb6+ Ke4 0-1


[Site "https://www.chess.com"]

[Event "Titled Tuesday Blitz August 08 Early 2023"]
[White "Ovchinnikov, Vsevolod"]
[Black "Rottenwohrer Suarez, Juan"]
[WhiteFideId "24176842"]
[BlackFideId "32068182"]
[WhiteElo "2628"]
[BlackElo "2487"]
[Result "1-0"]
[Round "7"]
[TimeControl "180+1"]
[Date "2023.08.08"]
[WhiteClock "0:00:12"]
[BlackClock "0:00:00"]
[Board "108"]

1. d4 d5 2. c4 e6 3. Nf3 Nf6 4. g3 Be7 5. Bg2 O-O 6. Nc3 dxc4 7. Ne5 Nc6 8. Bxc6 bxc6 9. Nxc6 Qe8 10. Nxe7+ Qxe7 11. Qa4 e5 12. dxe5 Qxe5 13. Bf4 Qf5 14. O-O-O Be6 15. f3 Qc5 16. Qb5 Qb6 17. Rd2 a6 18. Qe5 Rfc8 19. Rhd1 h6 20. Be3 Qb4 21. Qc5 Qb7 22. g4 a5 23. g5 hxg5 24. Qxg5 a4 25. Bd4 Ne8 26. Rg1 c5 27. Bxg7 f6 28. Bxf6+ Kf7 29. Qg6+ Kf8 30. Qh6+ Kf7 31. Rg7+ 1-0


[Site "https://www.chess.com"]

[Event "Titled Tuesday Blitz August 08 Early 2023"]
[White "Yashmetov, Mikhail"]
[Black "Tologon tegin, Semetei"]
[WhiteFideId "24198900"]
[BlackFideId "13800574"]
[WhiteElo "2486"]
[BlackElo "2626"]
[Result "1-0"]
[Round "7"]
[TimeControl "180+1"]
[Date "2023.08.08"]
[WhiteClock "0:00:06"]
[BlackClock "0:00:00"]
[Board "109"]

1. d4 d5 2. c4 dxc4 3. Nf3 Nf6 4. e3 e6 5. Bxc4 a6 6. O-O c5 7. b3 Nc6 8. Bb2 b5 9. Be2 Bb7 10. a4 b4 11. Nbd2 cxd4 12. Nxd4 Nxd4 13. Bxd4 Be7 14. Nc4 Nd5 15. Bf3 O-O 16. Qd2 Bf6 17. Rfd1 Rc8 18. Rac1 Qe7 19. Ne5 Rfd8 20. Rxc8 Rxc8 21. Rc1 Qd8 22. h3 h6 23. Rc2 a5 24. Qc1 Rxc2 25. Qxc2 Qb8 26. Nd7 Qd8 27. Nxf6+ gxf6 28. Qc5 Ba8 29. Qa7 Bc6 30. Qc5 Bb7 31. Qa7 Ba8 32. Qa6 e5 33. Bc5 Kg7 34. Qd6 Qxd6 35. Bxd6 Nb6 36. Bc7 Bxf3 37. gxf3 Nd7 38. Bxa5 Nc5 39. Bxb4 Nxb3 40. a5 Nc1 41. a6 Nd3 42. a7 Nxb4 43. a8=Q Nd3 44. Qe4 1-0


[Site "https://www.chess.com"]

[Event "Titled Tuesday Blitz August 08 Early 2023"]
[White "Shohat, Yotam"]
[Black "HamedWafa4"]
[WhiteFideId "2813955"]
[WhiteElo "2482"]
[BlackElo "2612"]
[Result "0-1"]
[Round "7"]
[TimeControl "180+1"]
[Date "2023.08.08"]
[WhiteClock "0:00:00"]
[BlackClock "0:00:14"]
[Board "110"]

1. e4 e5 2. Nf3 Nc6 3. Bb5 a6 4. Ba4 Nf6 5. O-O Be7 6. d3 b5 7. Bb3 d6 8. Bd2 O-O 9. h3 h6 10. c4 Bd7 11. a4 bxc4 12. Bxc4 a5 13. Na3 Rb8 14. Nb5 Nb4 15. Re1 c6 16. Na3 Be6 17. Bxe6 fxe6 18. Bc3 Nd7 19. d4 exd4 20. Nxd4 Nc5 21. Bxb4 axb4 22. Nxc6 Qc7 23. Nxe7+ Qxe7 24. Nc4 Rbd8 25. Qg4 Nd3 26. Red1 Nxf2 27. Qe2 Nxd1 28. Rxd1 Qa7+ 29. Kh1 d5 30. exd5 exd5 31. Ne5 Qxa4 32. Qg4 Rde8 33. Rd3 Qa1+ 34. Kh2 Qxb2 35. Ng6 Rf6 36. Rg3 Rf2 37. Nf4 Rf8 38. Ne6 R8f7 39. Nd4 R2f4 40. Qc8+ Kh7 41. Ne6 R4f6 42. Nc7 Rg6 43. Ne8 Rxg3 44. Kxg3 Qe5+ 0-1


[Site "https://www.chess.com"]

[Event "Titled Tuesday Blitz August 08 Early 2023"]
[White "Sharavdorj, Dashzegve"]
[Black "Rosh Jain"]
[WhiteFideId "4900340"]
[BlackFideId "25789465"]
[WhiteElo "2608"]
[BlackElo "2480"]
[Result "1-0"]
[Round "7"]
[TimeControl "180+1"]
[Date "2023.08.08"]
[WhiteClock "0:01:32"]
[BlackClock "0:00:00"]
[Board "111"]

1. d4 Nf6 2. c4 e6 3. Nf3 d5 4. Nc3 c5 5. cxd5 Nxd5 6. e3 Nc6 7. Bd3 cxd4 8. exd4 Bd6 9. O-O O-O 10. Re1 h6 11. a3 Nxc3 12. bxc3 b6 13. Qe2 Qc7 14. Qe4 f5 15. Qe2 Ne7 16. c4 Rf6 17. Ne5 Bb7 18. Bb2 Rd8 19. Rad1 Bxe5 20. dxe5 Rff8 21. Bb1 Ba6 22. Ba2 Qc5 23. h3 Nc6 24. Rd6 Rfe8 25. Red1 Bb7 26. Rd7 Ba6 27. Qh5 Rf8 28. Qg6 Ne7 29. Qxe6+ Kh8 30. Rxd8 Rxd8 31. Rxd8+ Kh7 32. Rd7 1-0


[Site "https://www.chess.com"]

[Event "Titled Tuesday Blitz August 08 Early 2023"]
[White "Przybylski, Wojciech"]
[Black "Rodchenkov, Sergey D."]
[WhiteFideId "1117599"]
[BlackFideId "4168712"]
[WhiteElo "2606"]
[BlackElo "2474"]
[Result "0-1"]
[Round "7"]
[TimeControl "180+1"]
[Date "2023.08.08"]
[WhiteClock "0:00:11"]
[BlackClock "0:01:29"]
[Board "112"]

1. d4 d5 2. Nf3 Nf6 3. g3 c6 4. Bg2 Bg4 5. O-O Nbd7 6. h3 Bh5 7. Re1 e6 8. Nbd2 Be7 9. c3 O-O 10. Qb3 Qb6 11. e4 Bg6 12. e5 Ne8 13. a4 a5 14. Qxb6 Nxb6 15. b3 Nc7 16. Ba3 Bxa3 17. Rxa3 Na6 18. Bf1 Rfc8 19. c4 Nb4 20. c5 Nc2 21. Raa1 Nxa1 22. Rxa1 Nd7 23. Nh4 b6 24. Nxg6 hxg6 25. cxb6 Nxb6 26. Rc1 Nd7 27. f4 Rab8 28. Kf2 Rb4 29. Ba6 Rc7 30. Ke3 c5 31. dxc5 Rxc5 32. Rb1 Rc3+ 33. Kf2 Nc5 34. Be2 Rc2 35. Ke1 Ne4 36. Nf1 Rxe2+ 37. Kxe2 Nc3+ 38. Kd3 Nxb1 39. Kc2 Na3+ 40. Kc3 d4+ 41. Kb2 Nc4+ 42. Kc2 Ne3+ 0-1


[Site "https://www.chess.com"]

[Event "Titled Tuesday Blitz August 08 Early 2023"]
[White "Reprintsev, Alexander"]
[Black "Bilan, Danila"]
[WhiteFideId "14100541"]
[BlackFideId "24161918"]
[WhiteElo "2473"]
[BlackElo "2594"]
[Result "1-0"]
[Round "7"]
[TimeControl "180+1"]
[Date "2023.08.08"]
[WhiteClock "0:00:15"]
[BlackClock "0:00:10"]
[Board "113"]

1. e4 c6 2. Nf3 d5 3. Nc3 Bg4 4. h3 Bxf3 5. Qxf3 e6 6. Be2 Nd7 7. d4 dxe4 8. Nxe4 Ngf6 9. c3 Be7 10. O-O O-O 11. Bf4 Nxe4 12. Qxe4 Nf6 13. Qc2 Bd6 14. Bg5 h6 15. Bh4 Be7 16. Bg3 Rc8 17. a4 c5 18. dxc5 Bxc5 19. Bf3 Qe7 20. Rfd1 Rfd8 21. Qb3 b6 22. a5 Rxd1+ 23. Qxd1 Rd8 24. Qe2 Bd6 25. axb6 axb6 26. Bxd6 Rxd6 27. Ra8+ Kh7 28. Qe3 e5 29. Be2 g6 30. Bc4 e4 31. g3 Qd7 32. Kg2 Kg7 33. Bb3 Rd3 34. Qxb6 e3 35. Ra7 Qd8 36. Rxf7+ Kh8 37. Qxd8+ Rxd8 38. Rxf6 Rd2 39. Kf1 Rxb2 40. Bc4 Rc2 41. fxe3 Rxc3 42. Be2 Kg7 43. Rf3 Rc6 44. Kf2 Rd6 45. e4 Rb6 46. e5 Rb5 47. Re3 Rb4 48. Bg4 h5 49. Bd7 Kf7 50. e6+ Ke7 51. h4 Rb2+ 52. Kf3 Rb4 53. Kg2 Rb2+ 54. Kh3 Rb1 55. Rf3 Kd6 56. Bc8 Re1 57. Rf7 Re2 58. Rd7+ Kc6 59. e7 Re1 60. Kg2 Re3 61. Kf2 Re5 62. Kf3 Rf5+ 63. Ke4 Rf1 64. Kd3 Re1 65. Kd2 Rf1 66. e8=Q 1-0


[Site "https://www.chess.com"]

[Event "Titled Tuesday Blitz August 08 Early 2023"]
[White "Liyanage, Ranindu Dilshan"]
[Black "favesaul"]
[WhiteFideId "9915834"]
[WhiteElo "2589"]
[BlackElo "2471"]
[Result "1-0"]
[Round "7"]
[TimeControl "180+1"]
[Date "2023.08.08"]
[WhiteClock "0:00:02"]
[BlackClock "0:00:00"]
[Board "114"]

1. e4 c5 2. Nc3 e6 3. d4 cxd4 4. Qxd4 Nc6 5. Qe3 d6 6. Bd2 Nf6 7. O-O-O Be7 8. Qg3 O-O 9. Be2 a6 10. Nh3 Qc7 11. Bh6 Ne8 12. Nf4 Kh8 13. Bg5 Bxg5 14. Qxg5 h6 15. Qg3 Nf6 16. Nd3 b5 17. a3 Rb8 18. Nb4 Nxb4 19. axb4 Rd8 20. e5 dxe5 21. Rxd8+ Qxd8 22. Qxe5 Bb7 23. Rd1 Qf8 24. g4 Nd5 25. g5 hxg5 26. Qxg5 Qxb4 27. Qh5+ Kg8 28. Bd3 Nf6 29. Qg5 Rc8 30. Rg1 Ne8 31. Qh5 Qf4+ 32. Kb1 b4 33. Ne2 Qxf2 34. Qh7+ Kf8 35. Qh8+ Ke7 36. Qh3 Bd5 37. Rf1 Qc5 38. Qh4+ f6 39. Nf4 b3 40. c3 Qa5 41. Re1 Qa2+ 42. Kc1 Qa1+ 43. Bb1 Rxc3+ 44. bxc3 Qxc3+ 45. Kd1 Bf3+ 46. Ne2 Qa1 47. Qb4+ Nd6 48. Qxb3 Bd5 49. Qb4 a5 50. Qb6 Nc4 51. Qc7+ Kf8 52. Qb8+ Kf7 53. Rg1 Nb2+ 54. Kd2 Nc4+ 55. Ke1 1-0


[Site "https://www.chess.com"]

[Event "Titled Tuesday Blitz August 08 Early 2023"]
[White "Bach Ngoc Thuy Duong"]
[Black "Zavgorodniy, Sergiy"]
[WhiteFideId "12408956"]
[BlackFideId "14110148"]
[WhiteElo "2468"]
[BlackElo "2588"]
[Result "1-0"]
[Round "7"]
[TimeControl "180+1"]
[Date "2023.08.08"]
[WhiteClock "0:00:24"]
[BlackClock "0:00:00"]
[Board "115"]

1. d4 Nf6 2. c4 d6 3. Nc3 Nbd7 4. e4 c6 5. Nf3 e5 6. Be2 Be7 7. O-O O-O 8. Re1 a6 9. a4 a5 10. Rb1 exd4 11. Nxd4 Nc5 12. f3 Re8 13. Bf1 g6 14. Be3 Nfd7 15. b3 Ne5 16. Qd2 h5 17. h3 Bh4 18. Red1 Qe7 19. Kh2 Bf6 20. Be2 g5 21. Rf1 Ng6 22. Kg1 h4 23. Rfd1 Qe5 24. Bf1 Bd7 25. Nde2 Be7 26. Bd4 Nxe4 27. Nxe4 Qf5 28. Ba1 Rad8 29. Nd4 Qf4 30. Qxf4 Nxf4 31. Ne2 Nxe2+ 32. Bxe2 f5 33. Nf6+ Bxf6 34. Bxf6 1-0


[Site "https://www.chess.com"]

[Event "Titled Tuesday Blitz August 08 Early 2023"]
[White "Prokofiev, Valentyn"]
[Black "TrompeterImEther"]
[WhiteFideId "14160161"]
[WhiteElo "2587"]
[BlackElo "2451"]
[Result "0-1"]
[Round "7"]
[TimeControl "180+1"]
[Date "2023.08.08"]
[WhiteClock "0:00:10"]
[BlackClock "0:00:50"]
[Board "116"]

1. Nf3 c5 2. c4 Nf6 3. Nc3 Nc6 4. d4 cxd4 5. Nxd4 g6 6. e4 Bg7 7. Be3 O-O 8. Be2 d6 9. O-O Bd7 10. h3 Nxd4 11. Bxd4 Bc6 12. Qc2 a6 13. b4 Rc8 14. Qb2 e5 15. Be3 Nxe4 16. Nxe4 Bxe4 17. Rfd1 Qe7 18. Rd2 f5 19. f3 Bc6 20. Rad1 f4 21. Bb6 e4 22. Qb3 e3 23. Rxd6 Kh8 24. Bc5 Qf7 25. Bd4 Bxd4 26. R1xd4 Qg7 27. b5 axb5 28. cxb5 Be8 29. Qb2 Rf7 30. Kh2 g5 31. Qb3 Rf8 32. Re4 Bg6 33. Red4 Rc2 34. Rd7 Qf6 35. R4d6 Qb2 36. Rxg6 Qxb3 37. Rgg7 Qg8 38. Bd3 Qxg7 39. Rxg7 Kxg7 40. Bxc2 e2 41. h4 e1=Q 42. hxg5 Qg3+ 43. Kg1 Re8 44. Bd3 Re1+ 45. Bf1 Rd1 46. a4 Qe1 47. Kh2 Qxf1 48. Kh3 Qf2 49. Kg4 Qg3+ 50. Kf5 Rd5+ 51. Ke6 Qxg5 52. a5 Qe5# 0-1


[Site "https://www.chess.com"]

[Event "Titled Tuesday Blitz August 08 Early 2023"]
[White "FREDERICKtheMATE"]
[Black "Vlassov, Nikolai"]
[BlackFideId "4103360"]
[WhiteElo "2453"]
[BlackElo "2581"]
[Result "0-1"]
[Round "7"]
[TimeControl "180+1"]
[Date "2023.08.08"]
[WhiteClock "0:00:35"]
[BlackClock "0:01:35"]
[Board "117"]

1. Nf3 c5 2. g3 Nc6 3. Bg2 e5 4. O-O g5 5. d3 g4 6. Nfd2 h5 7. f4 exf4 8. Rxf4 d5 9. c4 d4 10. Ne4 f5 11. Ned2 Bh6 12. Rf1 Be3+ 13. Kh1 h4 14. Qe1 Qd6 15. Nb3 hxg3 16. Bxe3 Rxh2+ 17. Kg1 dxe3 18. Qc3 Nd4 19. Nxd4 cxd4 20. Qa5 Ne7 21. Na3 Qh6 22. Rfc1 Rh1+ 23. Bxh1 Qh2+ 24. Kf1 Qf2# 0-1


[Site "https://www.chess.com"]